 Dungeon Crawl Stone Soup version 0.23.2-40-g277498a001 (webtiles) character file.

Game seed: 12831400186257433769

1162 FishyPogo the Caller (level 8, -9/60 HPs)
             Began as a Merfolk Summoner on Sept 1, 2019.
             Was a Believer of Yredelemnul.
             Mangled by a yaktaur
             ... wielding an uncursed staff of death
              (14 damage)
             ... on level 10 of the Dungeon on Sept 5, 2019.
             The game lasted 00:43:17 (4926 turns).

FishyPogo the Caller (Merfolk Summoner)             Turns: 4926, Time: 00:43:18

Health: -9/60      AC:  4    Str: 15 (16) XL:     8   Next: 40%
Magic:  9/24       EV: 18    Int: 15 (16) God:    Yredelemnul [**....]
Gold:   458        SH:  0    Dex: 12 (14) Spells: 1/17 levels left

rFire    . . .     SeeInvis .   a - +1 dagger (elec)
rCold    . . .     Gourm    .   (no shield)
rNeg     . . .     Faith    .   E - +1 robe {Archmagi}
rPois    .         Spirit   .   t - +0 helmet
rElec    .         Reflect  .   (no cloak)
rCorr    .         Harm     .   (no gloves)
MR       +....                  (no boots)
Stlth    ++........             F - amulet of regeneration
HPRegen  0.60/turn              p - +5 ring of strength
MPRegen  0.19/turn              u - ring "Lisub" {MR+ MP+9 EV+4 Str+2}

@: slowed, very slow
A: change form in water, swift swim, stealthy swim
a: Animate Remains, Recall Undead Slaves, Injury Mirror, Renounce Religion


You were on level 10 of the Dungeon.
You worshipped Yredelemnul.
Yredelemnul was pleased with you.
You were hungry.

You visited 1 branch of the dungeon, and saw 8 of its levels.
You also visited: Sewer.

You collected 458 gold pieces.

Inventory:

Hand Weapons
 a - a +1 dagger of electrocution (weapon)
 y - a +2 hand axe of chopping
Missiles
 h - 148 stones (quivered)
 o - 17 tomahawks
Armour
 b - a +0 leather armour
 t - a +0 helmet (worn)
 x - a +0 scale mail of positive energy
 E - a +1 robe of the Archmagi (worn)
Jewellery
 i - a +5 ring of evasion
 p - a +5 ring of strength (left hand)
 q - an uncursed ring of protection from fire
 u - the ring "Lisub" (right hand) {MR+ MP+9 EV+4 Str+2}
   (You found it on level 4 of the Dungeon)

   [ring of evasion]

   It affects your evasion (+4).
   It affects your strength (+2).
   It affects your resistance to hostile enchantments.
   It affects your magic capacity (+9).
 F - an amulet of regeneration (around neck)
Wands
 e - a wand of flame (17)
 w - a wand of random effects (18)
Scrolls
 d - a scroll of summoning {unknown}
 f - 8 scrolls of identify
 g - 2 scrolls of remove curse
 j - 4 scrolls of magic mapping
 C - a scroll of amnesia {unknown}
 D - a scroll of fog {unknown}
Potions
 k - 3 potions of lignification {unknown}
 l - a potion of magic {unknown}
 m - a potion of brilliance {unknown}
 s - a potion of degeneration
 z - a potion of haste {unknown}
 A - a potion of heal wounds
 B - 2 potions of flight
Miscellaneous
 G - a phantom mirror
Comestibles
 c - 9 rations
 n - 4 chunks of flesh


   Skills:
 * Level 3.8 Fighting
 + Level 4.5 Dodging
 - Level 3.0 Stealth
 + Level 5.1 Spellcasting
 * Level 1.6 Hexes
 + Level 6.5 Summonings
 - Level 3.2 Ice Magic


You had one spell level left.
You knew the following spells:

 Your Spells              Type           Power        Failure   Level  Hunger
a - Tukima's Dance        Hex            ##......     24%         3    ###....
d - Summon Small Mammal   Summ           ####         1%          1    None
e - Call Imp              Summ           #####...     1%          2    ##.....
f - Call Canine Familiar  Summ           #####...     3%          3    ###....
g - Summon Guardian Gole  Hex/Summ       ###.....     9%          3    ###....
h - Summon Ice Beast      Ice/Summ       ####....     22%         4    ####...

Your spell library contained the following spells:

 Spells                   Type           Power        Failure   Level  Hunger
 Corona                   Hex            ##.....      9%          1    None
 Ensorcelled Hibernation  Hex/Ice        ###...       9%          2    ##.....
 Confuse                  Hex            ##......     24%         3    ###....
 Dazzling Spray           Conj/Hex       #.....       34%         3    ###....
 Summon Lightning Spire   Summ/Air       ###.....     38%         4    ####...


Dungeon Overview and Level Annotations

Branches:
Dungeon (10/15)            Temple (0/1) D:4
   Lair: D:8-11         Orc: D:9-12

Altars:
Cheibriados
Fedhas
Gozag
Nemelex Xobeh
Sif Muna
Uskayaw
Xom
Yredelemnul


Message History

Unknown command.
As you read the scroll labeled KONIEM CAASE, it crumbles to dust.
It is a scroll of identify.
B - 2 potions of flight Your hound disappears in a puff of smoke!
The hornet closely misses you. The water moccasin barely misses you.
The leopard gecko misses you.
The yaktaur hits you with an uncursed staff of death!
* * * LOW HITPOINT WARNING * * *
You writhe in agony!
* * * LOW HITPOINT WARNING * * *
The worker ant zombie bites you but does no damage.
The hornet closely misses you.
The adder skeleton completely misses you.
The water moccasin bites you but does no damage.
The leopard gecko closely misses you.
A manticore comes into view.
The yaktaur hits you with an uncursed staff of death!
You die...
Your body rises from the dead as a mindless zombie.

..### ###..... ### .. ..#.... .
#..#. .....## .. ...H #.....
...###... ...# #.......#
...#######..[_...####
.§§#.?#..#.....cl#..# ...
#.....#.....###Z@y..# ...#
.....###.....#..ZS.###.....
..#.......# #..#.......#
###....z..#######z§.(...#
..#.(###..#..#/.#..###..# H.#..
......#...÷..#.....(# ...$ .....
#..#.$#..#..###..#..# #..###....
...#######.h.z...#######.........
...#..#..#.......# ..#.........


You could see a manticore, a yaktaur, a hornet, a water moccasin, a wight, a
worker ant zombie, a leopard gecko and an adder skeleton.

Vanquished Creatures
  An ice beast (D:5)
  A crimson imp (D:5)
  An orc priest (D:10)
  A gnoll shaman (D:5)
  A worker ant zombie (D:5)
  2 gnolls
  An adder (D:4)
  2 oozes
  An adder skeleton (D:4)
  A worm (D:3)
  2 dart slugs (D:1)
  4 leopard geckos
  2 orcs (D:4)
  6 giant cockroaches
  5 goblins
  4 hobgoblins
  3 jackals
  A quokka (D:3)
  3 bats
  5 frilled lizards
  A jackal skeleton (D:4)
  2 kobolds
  3 rats (D:3)
53 creatures vanquished.

Vanquished Creatures (collateral kills)
  A centaur skeleton (D:10)
  Grinder (D:3)
  Duvessa (D:5)
  A sky beast (D:2)
  Purgy (Sewer)
  3 ogres
  Dowan (D:5)
  2 scorpions (D:5)
  2 killer bees (D:10)
  2 hounds
  A jelly (D:10)
  Ijyb (D:4)
  2 orc wizards
  An iguana (D:5)
  4 worker ants
  5 adders
  5 gnolls
  A river rat (D:5)
  A shadow imp (D:10)
  3 worms
  A dart slug (D:1)
  A leopard gecko (D:5)
  3 orcs (D:5)
  3 bats
  3 giant cockroaches
  10 goblins
  6 hobgoblins
  9 jackals
  2 kobolds (D:1)
  A quokka (D:5)
  3 ball pythons (Sewer)
  3 frilled lizards
  A leopard gecko skeleton (D:5)
  A quokka skeleton (D:5)
  3 rats (D:3)
89 creatures vanquished.

Vanquished Creatures (others)
  A scorpion zombie (D:5)
1 creature vanquished.

Grand Total: 143 creatures vanquished

Notes
Turn   | Place    | Note
-------+----------+-------------------------------------------
     0 | D:1      | FishyPogo the Merfolk Summoner began the quest for the Orb.
     0 | D:1      | Reached XP level 1. HP: 13/13 MP: 3/3
   274 | D:1      | Reached XP level 2. HP: 18/19 MP: 0/5
   333 | D:1      | Found a snail-covered altar of Cheibriados.
   439 | D:1      | Learned a level 2 spell: Call Imp
  1050 | D:1      | Reached XP level 3. HP: 24/24 MP: 6/6
  1348 | D:2      | Reached XP level 4. HP: 18/30 MP: 1/8
  1441 | D:2      | Learned a level 3 spell: Call Canine Familiar
  1541 | D:2      | Found a shimmering altar of Xom.
  1748 | D:2      | Noticed a sky beast
  1818 | D:2      | Killed a sky beast
  1935 | D:2      | Reached skill level 5 in Summonings
  1935 | D:2      | Reached XP level 5. HP: 31/35 MP: 6/9
  2194 | D:3      | Noticed Grinder
  2276 | D:3      | Found a blossoming altar of Fedhas.
  2496 | D:3      | Paralysed by Grinder for 2 turns
  2506 | D:3      | Killed Grinder
  2506 | D:3      | Reached XP level 6. HP: 41/41 MP: 3/12
  2511 | D:3      | Learned a level 3 spell: Summon Guardian Golem
  2799 | D:4      | Found a basalt altar of Yredelemnul.
  2802 | D:4      | Became a worshipper of Yredelemnul the Dark
  2904 | D:4      | Got a faintly glowing iron ring
  2905 | D:4      | Identified the ring "Lisub" {MR+ MP+9 EV+4 Str+2} (You
                  | found it on level 4 of the Dungeon)
  2958 | D:4      | Found a staircase to the Ecumenical Temple.
  3143 | D:4      | Reached skill level 6 in Summonings
  3263 | D:4      | Learned a level 4 spell: Summon Ice Beast
  3337 | D:4      | Found a hide-covered altar of Uskayaw.
  3414 | D:4      | Noticed Ijyb
  3430 | D:4      | Killed Ijyb
  3520 | D:5      | Entered Level 5 of the Dungeon
  3526 | D:5      | Reached * piety under Yredelemnul
  3530 | D:5      | Reached skill level 1 in Ice Magic
  3530 | D:5      | Reached XP level 7. HP: 47/47 MP: 8/13
  3557 | D:5      | Reached skill level 1 in Fighting
  3580 | D:5      | Found a glowing drain.
  3584 | Sewer    | Entered a sewer
  3722 | Sewer    | Noticed Purgy
  3743 | Sewer    | Killed Purgy
  4136 | D:5      | Noticed Duvessa
  4142 | D:5      | Noticed Dowan
  4182 | D:5      | Killed Duvessa
  4272 | D:5      | Killed Dowan
  4272 | D:5      | Reached ** piety under Yredelemnul
  4272 | D:5      | Reached XP level 8. HP: 48/58 MP: 5/15
  4462 | D:5      | Found a deep blue altar of Sif Muna.
  4598 | D:5      | Found a sparkling altar of Nemelex Xobeh.
  4611 | D:5      | Learned a level 3 spell: Tukima's Dance
  4737 | D:6      | You fall through a shaft for 3 floors!
  4737 | D:9      | Noticed a wyvern
  4748 | D:10     | Entered Level 10 of the Dungeon
  4748 | D:10     | Noticed a hippogriff
  4804 | D:10     | Reached skill level 5 in Spellcasting
  4826 | D:10     | Reached skill level 1 in Hexes
  4860 | D:10     | Noticed a catoblepas
  4907 | D:10     | Found an opulent altar of Gozag.
  4919 | D:10     | Noticed a yaktaur
  4919 | D:10     | Noticed a hornet
  4926 | D:10     | Noticed a manticore
  4926 | D:10     | Mangled by a yaktaur

Skill      XL: |  1  2  3  4  5  6  7  8 |
---------------+-------------------------+-----
Dodging        | 3 4 |  4.5
Stealth        | 3 |  3.0
Spellcasting   | 3 4 5 |  5.1
Summonings     | 5 6 |  6.5
Ice Magic      | 1 3 |  3.2
Fighting       | 3 |  3.8
Hexes          | 1 |  1.6

Action                   |  1- 3 |  4- 6 |  7- 9 || total
-------------------------+-------+-------+-------++-------
Melee: Unarmed           |     4 |       |       ||     4
       Short sword       |     7 |       |       ||     7
       Club              |     1 |       |       ||     1
       Dagger            |    47 |    66 |    56 ||   169
Throw: Stone             |     6 |     6 |     4 ||    16
 Cast: Summon Small Mamm |    32 |    18 |    27 ||    77
       Call Imp          |    16 |    42 |    52 ||   110
       Call Canine Famil |       |    17 |    11 ||    28
       Summon Guardian G |       |     3 |     5 ||     8
       Summon Ice Beast  |       |       |     1 ||     1
Invok: Animate Remains   |       |       |     1 ||     1
  Use: Scroll            |       |     4 |     3 ||     7
       Potion            |       |       |     6 ||     6
 Stab: Sleeping          |     2 |     7 |     3 ||    12
  Eat: Chunk             |     3 |    10 |     7 ||    20
Armor: Robe              |     1 |       |     5 ||     6
       Leather armour    |    15 |     8 |     4 ||    27
Dodge: Dodged            |    69 |    45 |    79 ||   193
